 Dungeon Crawl Stone Soup version 0.30.1-11-g7821555f0a (webtiles) character file.

Game seed: 10803004170416019175

4230 FakeRyeBread the Grappler (level 10, -2/100 HPs)
             Began as a Troll Fighter on Nov 17, 2023.
             Was an Initiate of Wu Jian.
             Slain by a manticore (21 damage)
             ... on level 8 of the Dungeon on Nov 18, 2023.
             The game lasted 00:22:38 (6982 turns).

FakeRyeBread the Grappler (Troll Fighter)           Turns: 6982, Time: 00:22:39

Health: -2/100     AC:  6    Str: 31    XL:     10   Next: 9%
Magic:  9/9        EV:  9    Int:  8    God:    Wu Jian [......]
Gold:   273        SH:  9    Dex:  9    Spells: 9/9 levels left

rFire   . .          .
                       - Unarmed
rCold   . . .        u - +0 kite shield of the Original Sin {rN+ Str+5 Stlth-}
rNeg    + . .        a - +0 robe
rPois   +            (helmet restricted)
rElec   .            g - +1 cloak
rCorr   +            (gloves unavailable)
SInv    .            (boots unavailable)
Will    .....        (no amulet) Stlth
                     n - ring of resist corrosion
HPRegen 1.16/turn    x - ring of poison resistance
MPRegen 0.11/turn

%: no passive effects
@: about to teleport
A: large, unfitting armour, claws 3, regeneration 1, shaggy fur 1, tough skin 1
a: Renounce Religion


You were on level 8 of the Dungeon.
You worshipped Wu Jian.
Wu Jian was noncommittal.
You visited 2 branches of the dungeon, and saw 9 of its levels.

You collected 339 gold pieces.
You spent 66 gold pieces at shops.

Inventory:

Missiles
 f - 12 boomerangs
 i - 18 poisoned darts
 r - 2 throwing nets
Armour
 a - a +0 robe (worn)
 b - a +1 kite shield
 g - a +1 cloak (worn)
 u - the +0 kite shield of the Original Sin (worn) {rN+ Str+5 Stlth-}
   (You found it on level 5 of the Dungeon)

   Str:       It affects your strength (+5).
   rN:        It protects you from negative energy.
   Stlth:     It makes you less stealthy.
Jewellery
 n - a ring of resist corrosion (left claw)
 v - an amulet of magic regeneration
 w - a ring of wizardry
 x - a ring of poison resistance (right claw)
 z - a ring of see invisible
Wands
 s - a wand of roots (27)
 t - a wand of charming (15) (quivered)
 y - a wand of digging (8)
Scrolls
 d - 6 scrolls of teleportation
 m - a scroll of magic mapping
Potions
 c - 3 potions of might
 e - a potion of curing
 h - a potion of ambrosia
 j - a potion of mutation
 k - 2 potions of cancellation
 l - a potion of degeneration
 o - 3 potions of attraction
 p - a potion of flight
 q - a potion of resistance
 A - 2 potions of brilliance {unknown}


   Skills:
 + Level 6.4 Fighting
 + Level 3.6 Dodging
 + Level 7.1 Shields
 * Level 10.3 Unarmed Combat


You had 9 spell levels left.
You didn't know any spells.
Your spell library contained the following spells:

 Spells                   Type           Power      Damage    Failure   Level
 Apportation              Tloc           0%         N/A       58%         1
 Slow                     Hex            0%         N/A       58%         1
 Sublimation of Blood     Necr           0%         N/A       73%         2
 Wereblood                Tmut           0%         N/A       73%         2
 Confusing Touch          Hex            0%         N/A       91%         3
 Vampiric Draining        Necr           0%         2d6       91%         3
 Alistair's Intoxication  Tmut/Pois      0%         N/A       100%        5
 Summon Hydra             Summ           0%         N/A       100%        7


Dungeon Overview and Level Annotations

Branches:
Dungeon (8/15)             Temple (1/1) D:7
   Lair: D:8-11

Altars:
Ashenzari
Cheibriados
Dithmenos
Elyvilon
Fedhas
Hepliaklqana
Kikubaaqudgha
Makhleb
Okawaru
Qazlal
Ru
Trog
Uskayaw
Vehumet
Wu Jian
Xom
Yredelemnul
The Shining One

Shops:
D:2 *(:[*   D:3 *   D:7 :

Annotations:
D:8 2 runed translucent doors


Innate Abilities, Weirdness & Mutations

You are too large for most types of armour.
You have claws for hands.
Your natural rate of healing is unusually fast.
You are covered in fur. (AC +1)
You have tough skin. (AC +1)


Message History

You block the manticore's attack. What are your orders? t - Shout!
Orders for allies: a - Attack new target. r - Retreat! s - Stop attacking. g - Guard the area. f - Follow me.
Anything else - Cancel.
Okay, then.
As you read the scroll of teleportation, it crumbles to dust.
You feel strangely unstable. You block the gnoll sergeant's attack.
The gnoll bouda hits you with a +0 whip.
* * * LOW HITPOINT WARNING * * *
The manticore bites you but does no damage.
The manticore barely misses you. The manticore claws you.
* * * LOW HITPOINT WARNING * * *
You mangle the gnoll bouda!!
You kill the gnoll bouda!
The Council accepts your kill. You block the gnoll sergeant's attack.
The manticore bites you.
* * * LOW HITPOINT WARNING * * *
The manticore claws you.
* * * LOW HITPOINT WARNING * * *
The manticore barely misses you.
You scratch the manticore.
The manticore is moderately wounded.
The gnoll sergeant is no longer moving quickly.
The gnoll sergeant hits you but does no damage.
The manticore closely misses you. You block the manticore's attack.
The manticore claws you.
* * * LOW HITPOINT WARNING * * *
You completely miss the manticore.
The manticore is moderately wounded.
The gnoll sergeant closely misses you. You block the manticore's attack.
The manticore claws you.
* * * LOW HITPOINT WARNING * * *
You block the manticore's attack.
You scratch the manticore.
The manticore is heavily wounded.
The gnoll sergeant barely misses you. The manticore bites you!!
You die...

###...............##........)...#
..'...............##............#
###...............##............#
#...............###############
#........)......########## #
#........................# #
#........................# #
###########....).........# #
#...@H..?......# #
#...###g###.....# #
#...#[##.g.##.##### #
#.###.#.)...#.# # # #....#†...#
#.#.....#.# ...##y..##... #.#
##.## #.# .. gh ...


You could see a manticore and a gnoll sergeant.

Vanquished Creatures
  A two-headed ogre (D:6)
  A hornet (D:8)
  A wraith (D:8)
  A wyvern (D:8)
  The ghost of monsoonserge the Magician, an amateur DjVM of Elyvilon (D:4)
  A water moccasin (D:4)
  3 ice beasts
  An orc warrior (D:5)
  3 sky beasts
  A black bear (D:8)
  5 centaurs
  A phantom (D:6)
  7 scorpions
  A water moccasin zombie (D:4)
  2 howler monkeys (D:4)
  A centaur zombie (D:4)
  3 jellies
  4 orc priests
  2 gnoll boudas
  5 sleepcaps
  Crazy Yiuf (D:3)
  Terence (D:3)
  Natasha (thrice) (D:4)
  3 iguanas
  4 orc wizards
  8 adders
  12 gnolls
  A white imp (D:8)
  An ufetubus (D:4)
  2 dart slugs
  36 orcs
  6 bats
  7 endoplasms
  2 giant cockroaches
  3 goblins
  9 hobgoblins
  5 quokkas
  7 ball pythons
  7 frilled lizards
  15 kobolds
  10 rats
188 creatures vanquished.

Vanquished Creatures (collateral kills)
  A scorpion (D:7)
  An orc priest (D:7)
  An orc wizard (D:8)
3 creatures vanquished.

Vanquished Creatures (others)
  An orc (D:7)
1 creature vanquished.

Grand Total: 192 creatures vanquished

Notes
Turn   | Place    | Note
-------+----------+-------------------------------------------
     0 | D:1      | FakeRyeBread the Troll Fighter began the quest for the Orb.
     0 | D:1      | Reached XP level 1. HP: 22/22 MP: 0/0
   168 | D:1      | Reached XP level 2. HP: 29/29 MP: 1/1
   845 | D:2      | Reached XP level 3. HP: 36/36 MP: 2/2
   847 | D:2      | Found Unararol's Assorted Antiques.
   860 | D:2      | Bought a sedimented green potion for 21 gold pieces
   860 | D:2      | Bought a scroll labelled CAVOTOH EKLIFI for 24 gold pieces
   893 | D:2      | Reached skill level 3 in Unarmed Combat
   899 | D:2      | Found Imepok's Weapon Emporium.
   902 | D:2      | Found Tykaxzydd's Book Emporium.
   942 | D:2      | Found Hyrext's Antique Armour Boutique.
  1011 | D:2      | Found Duocuvuj's General Store.
  1125 | D:2      | Reached XP level 4. HP: 38/44 MP: 3/3
  1656 | D:2      | Bought a pink potion for 21 gold pieces
  1768 | D:3      | Noticed Terence
  1777 | D:3      | Killed Terence
  1778 | D:3      | Reached XP level 5. HP: 52/53 MP: 4/4
  1786 | D:3      | Found a runed translucent door.
  1787 | D:3      | Noticed Crazy Yiuf
  1910 | D:3      | Found Byti's General Store.
  1953 | D:3      | Reached skill level 4 in Unarmed Combat
  2455 | D:3      | Killed Crazy Yiuf
  2527 | D:4      | Found a transporter.
  2530 | D:4      | Noticed monsoonserge's ghost (amateur DjVM)
  2532 | D:4      | Found a transporter.
  2568 | D:4      | Reached XP level 6. HP: 48/61 MP: 5/5
  2673 | D:4      | Found a blossoming altar of Fedhas.
  2673 | D:4      | Found a glowing golden altar of the Shining One.
  2689 | D:4      | Reached skill level 5 in Unarmed Combat
  2841 | D:4      | Noticed Natasha
  2857 | D:4      | Killed Natasha
  3090 | D:4      | Noticed Natasha
  3100 | D:4      | Killed Natasha
  3101 | D:4      | Reached XP level 7. HP: 63/68 MP: 6/6
  3139 | D:4      | Found a burning altar of Makhleb.
  3316 | D:4      | Noticed Natasha
  3322 | D:4      | Killed Natasha
  3637 | D:4      | Reached skill level 6 in Unarmed Combat
  3645 | D:4      | Killed monsoonserge's ghost
  3716 | D:5      | Entered Level 5 of the Dungeon
  3760 | D:5      | Reached skill level 5 in Shields
  3887 | D:5      | Reached XP level 8. HP: 79/79 MP: 7/7
  3953 | D:5      | Reached skill level 7 in Unarmed Combat
  4652 | D:5      | Identified the +0 kite shield of the Original Sin {rN+
                  | Str+5 Stlth-}
  5003 | D:5      | Reached skill level 5 in Fighting
  5290 | D:6      | Reached skill level 8 in Unarmed Combat
  5300 | D:6      | Found an ancient bone altar of Kikubaaqudgha.
  5613 | D:6      | Identified the +3 pair of boots of Cocytus {Int+6}
  5675 | D:6      | Noticed a two-headed ogre
  5700 | D:6      | Killed a two-headed ogre
  5701 | D:6      | Reached skill level 9 in Unarmed Combat
  5701 | D:6      | Reached XP level 9. HP: 31/89 MP: 8/8
  5857 | D:7      | Found Zaoraum's Book Boutique.
  5979 | D:7      | Identified the +1 dagger of the Dead {holy, Fly rC+ Stlth+}
  6201 | D:7      | Found a staircase to the Ecumenical Temple.
  6375 | Temple   | Entered the Ecumenical Temple
  6432 | Temple   | Became a worshipper of the Wu Jian Council
  6670 | D:8      | Found a large runed translucent door.
  6670 | D:8      | Found a large runed translucent door.
  6717 | D:8      | HP: 3/89 [wraith (6)]
  6725 | D:8      | Reached skill level 10 in Unarmed Combat
  6960 | D:8      | Noticed a manticore
  6965 | D:8      | Reached XP level 10. HP: 46/100 MP: 9/9
  6982 | D:8      | Slain by a manticore

Illustrated notes

Levels and vault maps discovered:
D:1:      kennysheep_arrival_forest, layout_basic, minmay_quantized
D:2:      layout_basic, serial_shops, shop, shop, shop, shop, shop
D:3:      layout_loops_cross, serial_shops, nicolae_shop_rolling_square,
          uniq_crazy_yiuf_cottage, uniq_terence
D:4:      layout_cave_pods, jmf_multi_god_temple,
          mainiacjoe_overflow_cross_hatched, gammafunk_ghost_mausoleum,
          uniq_natasha
D:5:      layout_layer_cave
D:6:      layout_rooms, kiku_gazebo_garden_becter, kennysheep_generic_room_6
D:7:      layout_cave_pools, temple_doors_e, serial_shops, shop
D:8:      layout_basic, lemuel_tele_altar, jmf_multi_god_temple2,
          minmay_chambers_of_fives
Temple:   eino_temple_water

Skill      XL: |  1  2  3  4  5  6  7  8  9 |
---------------+----------------------------+-----
Shields        | 3 4 5 6 7 |  7.1
Unarmed Combat | 3 4 5 6 9 10 | 10.3
Fighting       | 3 4 5 6 |  6.4
Dodging        | 3 |  3.6

Action                     |  1- 3 |  4- 6 |  7- 9 | 10-12 || total
---------------------------+-------+-------+-------+-------++-------
  Melee: Unarmed           |   120 |   251 |   270 |    13 ||   654
  Throw: Boomerang         |     2 |       |     1 |       ||     3
         Dart              |       |       |     1 |       ||     1
Ability: Lunge             |       |       |     4 |       ||     4
  Evoke: Wand              |       |       |     6 |       ||     6
    Use: Scroll            |       |    11 |     8 |     1 ||    20
         Potion            |       |     1 |     5 |       ||     6
   Stab: Sleeping          |       |     1 |       |       ||     1
 Armour: Robe              |    36 |   105 |    69 |     7 ||   217
  Dodge: Dodged            |    30 |   116 |    82 |    10 ||   238
  Block: Kite shield       |    41 |   160 |   147 |    14 ||   362
